 Dungeon Crawl Stone Soup version 0.31-a0-188-g5e087ee2ca (webtiles) character file.

Game seed: 7413486528650503918

158 qw the Skirmisher (level 5, -7/29 HPs)
             Began as a Deep Elf Hunter on June 23, 2023.
             Mangled by Edmund
             ... wielding a +4 flail of holy wrath
              (9 damage)
             ... on level 4 of the Dungeon.
             The game lasted 00:01:04 (2574 turns).

qw the Skirmisher (Deep Elf Hunter)                 Turns: 2574, Time: 00:01:05

Health: -7/29      AC:  5    Str:  8 (10) XL:     5   Next: 16%
Magic:  7/7        EV: 11    Int: 13 (14) God:
Gold:   190        SH:  5    Dex: 22 (24) Spells: 4/4 levels left

rFire   . . .        Y - +1 shortbow
rCold   . . .        (shield currently unavailable)
rNeg    . . .        i - +0 ring mail
rPois   .            (no helmet)
rElec   .            (no cloak)
rCorr   .            (no gloves)
SInv    .            (no boots)
Will    .....        l - amulet of reflection
Stlth   ++           g - +6 ring of dexterity
HPRegen 0.24/turn    a - +4 ring of slaying {mikee}
MPRegen 0.10/turn

%: reflection
@: no status effects
A: no striking features
a: no special abilities


You were on level 4 of the Dungeon.
You visited 1 branch of the dungeon, and saw 4 of its levels.

You collected 190 gold pieces.


   Skills:
 - Level 1.5 Fighting
 + Level 8.3 Ranged Weapons
 - Level 3.0 Dodging
 - Level 1.2 Stealth


You had 4 spell levels left.
You didn't know any spells.
Your spell library was empty.

Inventory:

Hand Weapons
 Y - a +1 shortbow (weapon)
Armour
 i - a +0 ring mail (worn)
Jewellery
 a - a +4 ring of slaying (right hand) {mikee}
 g - a +6 ring of dexterity (left hand)
 l - an amulet of reflection (around neck)
Scrolls
 f - a scroll of identify
Potions
 e - a potion of cancellation
 h - a potion of might {unknown}
 j - a potion of curing {unknown}
 k - 2 potions of enlightenment
 n - a potion of attraction {unknown}

Dungeon Overview and Level Annotations

Branches:
Dungeon (4/15)
 Temple: D:4-7

Altars:

Shops:
D:1 =

Annotations:
D:4 Edmund


Message History

You shoot an arrow.
The arrow hits Edmund but does no damage.
Edmund is moderately wounded.
Edmund hits you with a +4 flail of holy wrath.
You shoot an arrow. The arrow hits Edmund.
Edmund is heavily wounded.
Edmund misses you. You block Edmund's attack.
You shoot an arrow. The arrow hits Edmund.
Edmund is heavily wounded.
Edmund hits you with a +4 flail of holy wrath!
You shoot an arrow. The arrow hits Edmund!
Edmund is severely wounded.
Edmund drinks a potion.
Edmund is healed!
You shoot an arrow. The arrow hits Edmund!
Edmund is heavily wounded.
Edmund hits you with a +4 flail of holy wrath!
You shoot an arrow.
The arrow hits Edmund but does no damage.
Edmund is heavily wounded.
Edmund barely misses you.
You shoot an arrow. The arrow closely misses Edmund.
Edmund hits you but does no damage.
You shoot an arrow.
The arrow hits Edmund but does no damage.
Edmund is heavily wounded.
Edmund barely misses you.
Edmund hits you with a +4 flail of holy wrath!
You shoot an arrow. The arrow hits Edmund.
Edmund is heavily wounded.
Edmund completely misses you.
You shoot an arrow. The arrow closely misses Edmund.
Edmund closely misses you.
You shoot an arrow.
The arrow hits Edmund but does no damage.
Edmund is heavily wounded.
You block Edmund's attack.
You shoot an arrow. The arrow hits Edmund.
Edmund is severely wounded.
Edmund hits you with a +4 flail of holy wrath!
You die...

#.. ## #.# ..#
#.# #.#####.#
#.##.....
#.##.##.#
#.##.##@#
####.#...#@#
#......#...#
#.##.#...###
#.##.## #.##.#
#.##.# #.##.#
#.##.####### ##
##.............#


You could see Edmund.

Vanquished Creatures
  A hound (D:4)
  4 adders
  2 worms
  3 dart slugs
  7 orcs
  8 ball pythons
  3 endoplasms
  2 giant cockroaches
  A goblin (D:1)
  11 hobgoblins
  4 jackals (D:3)
  4 quokkas
  4 bats
  5 frilled lizards
  9 kobolds
  3 rats (D:1)
71 creatures vanquished.

Notes
Turn   | Place    | Note
-------+----------+-------------------------------------------
     0 | D:1      | qw the Deep Elf Hunter began the quest for the Orb.
     0 | D:1      | Reached XP level 1. HP: 12/12 MP: 3/3
     0 | D:1      | 0 ||| qw: Version: 0.3-a-9-g12657ce
     0 | D:1      | 0 ||| qw: Game counter: 3954
     0 | D:1      | 0 ||| qw: Always use a shield: true
     0 | D:1      | 0 ||| qw: God list: Okawaru
     0 | D:1      | 0 ||| qw: Allow faded altars: false
     0 | D:1      | 0 ||| qw: Do Orc after D:15 true
     0 | D:1      | 0 ||| qw: Do second Lair branch before Depths: true
     0 | D:1      | 0 ||| qw: Lair rune preference: random
     0 | D:1      | 0 ||| qw: Plans: Normal
     0 | D:1      | 0 ||| PLANNING D:1-11
   161 | D:1      | Reached skill level 6 in Ranged Weapons
   161 | D:1      | Reached XP level 2. HP: 16/16 MP: 4/4
   271 | D:1      | 271 ||| FLEEEEING.
   272 | D:1      | 272 ||| FLEEEEING.
   575 | D:1      | Found Iretow's Jewellery Boutique.
   583 | D:1      | 583 ||| SHOPLISTING +4 ring of slaying (1014 gold, have
                  | 27).
   583 | D:1      | 583 ||| SHOPLISTING +5 ring of evasion (468 gold, have 27).
   583 | D:1      | 583 ||| SHOPLISTING +6 ring of strength (468 gold, have
                  | 27).
   583 | D:1      | 583 ||| SHOPLISTING amulet of faith (520 gold, have 27).
   583 | D:1      | 583 ||| SHOPLISTING amulet of the acrobat (390 gold, have
                  | 27).
   583 | D:1      | 583 ||| SHOPLISTING ring "Seifonoug" {rC+ Int+2 SInv} (431
                  | gold, have 27).
   583 | D:1      | 583 ||| SHOPLISTING ring of ice (325 gold, have 27).
   675 | D:1      | Reached XP level 3. HP: 20/20 MP: 5/5
   829 | D:1      | 829 ||| UPGRADING to +6 ring of dexterity.
   830 | D:1      | 830 ||| READING scroll labelled ILEAR GUIXT.
   831 | D:1      | 831 ||| READING 3 scrolls labelled OPLOGH PYBEMA.
   832 | D:1      | 832 ||| READING 2 scrolls of identify.
   832 | D:1      | 832 ||| IDENTIFYING pink potion
   833 | D:1      | 833 ||| DROPPING scroll of butterflies.
  1186 | D:2      | Reached skill level 7 in Ranged Weapons
  1672 | D:2      | 1672 ||| DROPPING scarf of harm.
  1673 | D:2      | 1673 ||| UPGRADING to +0 ring mail.
  1683 | D:2      | 1683 ||| DROPPING +0 leather armour.
  1684 | D:2      | 1684 ||| UPGRADING to amulet of regeneration.
  1689 | D:2      | 1689 ||| READING scroll labelled GUGESIAHIWK.
  1690 | D:2      | 1690 ||| READING scroll labelled ESAYJUSULU.
  1691 | D:2      | 1691 ||| READING scroll labelled REUXZIURIM.
  1692 | D:2      | 1692 ||| DRINKING 3 brown potions.
  1694 | D:2      | 1694 ||| Stepping ~*~*~tactically~*~*~ (cloud).
  1831 | D:3      | Found a faded altar of an unknown god.
  1858 | D:3      | 1858 ||| Stepping ~*~*~tactically~*~*~ (water).
  1864 | D:3      | Reached XP level 4. HP: 25/25 MP: 6/6
  2284 | D:3      | Reached skill level 8 in Ranged Weapons
  2325 | D:3      | Reached skill level 3 in Dodging
  2410 | D:3      | 2410 ||| UPGRADING to amulet of reflection.
  2420 | D:3      | 2420 ||| DROPPING amulet of regeneration.
  2421 | D:3      | 2421 ||| UPGRADING to +4 ring of slaying {mikee}.
  2422 | D:3      | 2422 ||| READING scroll labelled UZIENI JOPEMM.
  2423 | D:3      | 2423 ||| READING 2 scrolls labelled WYLLENN NONE.
  2424 | D:3      | 2424 ||| DRINKING 2 fuming sapphire potions.
  2425 | D:3      | 2425 ||| DROPPING potion of degeneration.
  2426 | D:3      | 2426 ||| DROPPING scroll of fog.
  2471 | D:4      | Reached XP level 5. HP: 24/29 MP: 7/7
  2555 | D:4      | Noticed Edmund
  2570 | D:4      | HP: 1/29 [Edmund/+4 flail of holy wrath (12)]
  2574 | D:4      | Mangled by Edmund

Levels and vault maps discovered:
D:1:      eino_arrival_cavern_b, layout_loops_ring, serial_shops, shop
D:2:      layout_loops_corners
D:3:      layout_basic, hellmonk_ecumenical_altar_pennies_from_heaven,
          grunt_ministairs_14, serial_bayou_ford_a, minmay_unequal
D:4:      layout_loops_ring, gammafunk_ghost_nasty_kobolds, serial_shops, shop,
          uniq_edmund, uniq_grinder

Skill      XL: |  1  2  3  4 |
---------------+-------------+-----
Ranged Weapons | 6 7 8 |  8.3
Dodging        | 3 |  3.0
Fighting       | |  1.5
Stealth        | |  1.2

Action                     |  1- 3 |  4- 6 || total
---------------------------+-------+-------++-------
   Fire: Shortbow          |   133 |    97 ||   230
    Use: Scroll            |     6 |     2 ||     8
         Potion            |     1 |     1 ||     2
 Armour: Leather armour    |     9 |       ||     9
         Ring mail         |     3 |    19 ||    22
  Dodge: Dodged            |    16 |    36 ||    52
  Block: Other             |       |     2 ||     2

Table legend:
 A = Non-vault XP
 B = Vault XP
 C = Vault XP percentage of total XP
 D = Non-vault monster count
 E = Vault monster count
 F = Vault count percentage of total count
                 A         B        C        D         E       F
            +---------+---------+-------+---------+---------+-------
      Total |     205 |      22 |   9.7 |      66 |       5 |   7.0
            +---------+---------+-------+---------+---------+-------
        D:1 |      43 |       0 |   0.0 |      25 |       0 |   0.0
        D:2 |      32 |       0 |   0.0 |       9 |       0 |   0.0
        D:3 |      85 |      22 |  20.6 |      29 |       5 |  14.7
        D:4 |      45 |       0 |   0.0 |       3 |       0 |   0.0
            +---------+---------+-------+---------+---------+-------
